 Dungeon Crawl Stone Soup version 0.30-a0-373-gd37427bb62 (webtiles) character file.

Game seed: 10738171551428041159

34713 greenreed the Cleaver (level 13, -4/119 HPs)
             Began as a Minotaur Monk on Nov 23, 2022.
             Was a High Priest of Uskayaw.
             Slain by a nine-headed hydra (5 damage)
             ... while petrified by a catoblepas
             ... on level 14 of the Dungeon.
             The game lasted 00:50:12 (15213 turns).

greenreed the Cleaver (Minotaur Monk)              Turns: 15213, Time: 00:50:13

Health: -4/119     AC: 14    Str: 19    XL:     13   Next: 43%
Magic:  18/18      EV:  2    Int:  7    God:    Uskayaw [*****.]
Gold:   605        SH:  0    Dex: 15    Spells: 9/12 levels left

rFire   . . .      SeeInvis .    H - +2 hand axe (vamp)
rCold   + . .      Faith    .    (no shield)
rNeg    + + +      Spirit   .    w - +2 ring mail {rC+}
rPois   ∞          Reflect  .    l - +2 hat
rElec   .          Harm     .    M - +0 cloak {rPois}
rCorr   .          Rampage  .    (no gloves)
Will    +....                    q - +0 pair of boots
Stlth   +++.......               y - amulet of regeneration
HPRegen 1.19/turn                N - ring of willpower
MPRegen 0.16/turn                v - +4 ring of evasion

@: petrified
A: horns 2, retaliatory headbutt, large bone plates 1, shaggy fur 1
a: Renounce Religion, Stomp, Line Pass, Grand Finale


You were on level 14 of the Dungeon.
You worshipped Uskayaw.
Uskayaw was aware of your devotion.
You visited 2 branches of the dungeon, and saw 15 of its levels.

You collected 735 gold pieces.
You spent 130 gold pieces at shops.

Inventory:

Hand Weapons
 a - a +0 spear
 G - a +3 war axe
 H - a +2 vampiric hand axe (weapon)
Missiles
 h - 30 poisoned darts
 u - 5 curare-tipped darts (quivered)
 U - 6 atropa-tipped darts
Armour
 b - a +0 robe
 f - an orb of wrath
 l - a +2 hat (worn)
 q - a +0 pair of boots (worn)
 w - a +2 ring mail of cold resistance (worn)
 L - a +2 kite shield
 M - a +0 cloak of poison resistance (worn)
Jewellery
 i - a ring of positive energy
 v - a +4 ring of evasion (right hand)
 y - an amulet of regeneration (around neck)
 J - a ring of poison resistance
 N - a ring of willpower (left hand)
 O - a ring of positive energy
 Q - an amulet of the acrobat
Wands
 m - a wand of polymorph (5)
 o - a wand of mindburst (3)
 C - a wand of roots (39)
 E - a wand of flame (47)
 K - a wand of acid (12)
Scrolls
 e - 5 scrolls of teleportation {unknown}
 g - 3 scrolls of fog
 k - 5 scrolls of vulnerability
 n - 2 scrolls of immolation
 s - 3 scrolls of brand weapon
 t - 4 scrolls of amnesia
 x - 2 scrolls of magic mapping
 z - 6 scrolls of fear
 A - 2 scrolls of poison
 B - 3 scrolls of noise
 D - a scroll of blinking
 F - a scroll of summoning
 I - a scroll of torment {unknown}
 R - 3 scrolls of enchant weapon {unknown}
 T - a scroll of identify
Potions
 c - 3 potions of ambrosia
 d - 6 potions of brilliance
 j - 4 potions of attraction
 p - 7 potions of curing
 r - a potion of mutation
 P - a potion of degeneration
 S - a potion of invisibility


   Skills:
 * Level 12.4 Fighting
 * Level 13.1(14.7) Axes
 - Level 11.0(13.6) Polearms
 + Level 7.9 Armour
 + Level 7.9 Dodging
 + Level 8.4 Stealth
 + Level 3.2 Shields
 * Level 9.1 Invocations
 + Level 1.2 Evocations


You had 9 spell levels left.
You knew the following spells:

 Your Spells              Type           Power      Damage    Failure   Level
a - Confusing Touch       Hex            0%         N/A       91%         3

Your spell library contained the following spells:

 Spells                   Type           Power      Damage    Failure   Level
 Kiss of Death            Conj/Necr      0%         2d5       58%         1
 Slow                     Hex            0%         N/A       58%         1
 Summon Small Mammal      Summ           0%         N/A       58%         1
 Scorch                   Fire           0%         2d5       73%         2
 Call Canine Familiar     Summ           0%         N/A       91%         3
 Frozen Ramparts          Ice            0%         1d1       91%         3
 Summon Guardian Golem    Hex/Summ       0%         N/A       91%         3
 Vampiric Draining        Necr           0%         2d6       91%         3
 Flame Wave               Conj/Fire      0%         2d4       100%        4
 Ice Form                 Ice/Tmut       0%         N/A       100%        4
 Summon Ice Beast         Ice/Summ       0%         N/A       100%        4
 Irradiate                Conj/Tmut      0%         3d11      100%        5
 Starburst                Conj/Fire      0%         6d3       100%        6
 Summon Cactus Giant      Summ           0%         N/A       100%        6


Dungeon Overview and Level Annotations

Branches:
Dungeon (14/15)            Temple (1/1) D:6            Lair (0/5) D:9
    Orc (0/2) D:11         Vaults (0/5) D:13

Altars:
Ashenzari
Cheibriados
Dithmenos
Elyvilon
Fedhas
Gozag
Hepliaklqana
Kikubaaqudgha
Makhleb
Nemelex Xobeh
Okawaru
Qazlal
Ru
Sif Muna
Trog
Uskayaw
Vehumet
Wu Jian
Xom
Yredelemnul
Zin
The Shining One

Shops:
D:4 ?   D:5 *

Annotations:
D:3 3 runed translucent doors, Shayle's ghost, amateur NaRe


Innate Abilities, Weirdness & Mutations

You have a pair of horns on your head.
You reflexively headbutt those who attack you in melee.
You are partially covered in large bone plates. (SH +4)
You are covered in fur. (AC +1)


Message History

The cyan ugly thing basks in the mutagenic energy from its kin and changes!
The deep elf pyromancer is engulfed in calcifying dust.
The nine-headed hydra bites you but does no damage. x2
The nine-headed hydra bites you! The nine-headed hydra bites you. x4
The nine-headed hydra bites you but does no damage.
The nine-headed hydra bites you. The catoblepas gores you!
The red ugly thing headbutts you!
You are engulfed in flames!
* * * LOW HITPOINT WARNING * * *
The nine-headed hydra bites you.
* * * LOW HITPOINT WARNING * * *
The nine-headed hydra bites you!
* * * LOW HITPOINT WARNING * * *
The nine-headed hydra bites you.
* * * LOW HITPOINT WARNING * * *
The nine-headed hydra bites you but does no damage.
The nine-headed hydra bites you.
* * * LOW HITPOINT WARNING * * *
The nine-headed hydra bites you!
* * * LOW HITPOINT WARNING * * *
The nine-headed hydra bites you.
* * * LOW HITPOINT WARNING * * *
The nine-headed hydra bites you but does no damage.
The nine-headed hydra bites you.
* * * LOW HITPOINT WARNING * * *
The deep elf pyromancer is engulfed in calcifying dust.
The catoblepas gores you!
* * * LOW HITPOINT WARNING * * *
The red ugly thing headbutts you!
* * * LOW HITPOINT WARNING * * *
You are engulfed in flames!
* * * LOW HITPOINT WARNING * * *
The catoblepas gores you but does no damage.
The nine-headed hydra bites you but does no damage.
The nine-headed hydra bites you.
* * * LOW HITPOINT WARNING * * *
The nine-headed hydra bites you!
* * * LOW HITPOINT WARNING * * *
The nine-headed hydra bites you but does no damage. x2
The nine-headed hydra bites you!
You die... #. #+## #.#...## ## .......## .. # #.......## # #. .# .........# #9 .#.#####... ......(..+ #Q# ##u#....... ..<......# #S# Cu#

#...# #.......## #
#YY#u# .#..# ##.....##
#. #D@##?.#(## ##...##
#..###e.[##..# ##'##
#....####...# ####.#
#..#....))).# ...#.#
#.###.###..## #.#.##
#.........##
#....###########.#####
#.....#........#.#
#....##.######.#.#


You could see 2 catoblepae, a nine-headed hydra, 3 ugly things, a tengu warrior,
a cyclops, a guardian serpent, a deep elf pyromancer (petrified) and a gargoyle.

Vanquished Creatures
  4 vault guards (D:13)
  A hydra (D:13)
  A two-headed ogre (D:11)
  2 centaur warriors
  An ogre mage (D:13)
  The ghost of olddryhag the Cleaver, a novice DsGl (D:10)
  A tengu warrior (D:11)
  9 hell knights (D:13)
  A wizard (D:11)
  An orc knight (D:13)
  A necromancer (D:13)
  3 cyclopes
  An orc sorcerer (D:13)
  3 ugly things
  A manticore (D:13)
  Maurice (D:8)
  A gargoyle (D:11)
  An ice statue (D:12)
  3 kobold demonologists
  4 unseen horrors
  Maggie (D:6)
  A yaktaur (D:13)
  10 trolls
  4 hornets
  A shadow (D:12)
  7 yaks
  5 wraiths
  2 wyverns (D:11)
  2 fire elementals (D:14)
  11 vampire mosquitoes
  Eustachio (D:4)
  A basilisk (D:11)
  8 wargs
  Duvessa (D:4)
  8 hell hounds
  An ice beast (D:8)
  12 orc warriors
  3 black bears
  A sky beast (D:8)
  11 centaurs
  3 ogres
  A phantom (D:3)
  2 kobold brigands
  10 bullfrogs
  4 scorpions
  A gnoll sergeant (D:9)
  3 wights
  Dowan (D:4)
  27 killer bees
  2 howler monkeys
  2 hounds
  7 orc priests
  Crazy Yiuf (D:5)
  2 jellies (D:4)
  3 gnoll boudas
  4 iguanas
  18 orc wizards
  4 adders
  11 gnolls
  A shadow imp (D:5)
  A white imp (D:6)
  A worm (D:3)
  A dart slug (D:2)
  45 orcs
  4 bats
  4 endoplasms
  4 giant cockroaches
  A goblin (D:2)
  10 hobgoblins
  7 jackals
  19 kobolds
  A quokka (D:3)
  2 frilled lizards
  8 rats
347 creatures vanquished.

Vanquished Creatures (others)
  5 plants (D:6)
5 creatures vanquished.

Grand Total: 352 creatures vanquished

Notes
Turn   | Place    | Note
-------+----------+-------------------------------------------
     0 | D:1      | greenreed the Minotaur Monk began the quest for the Orb.
     0 | D:1      | Reached XP level 1. HP: 19/19 MP: 0/0
   285 | D:1      | Reached XP level 2. HP: 27/27 MP: 1/1
   817 | D:2      | Reached XP level 3. HP: 33/33 MP: 2/2
  1016 | D:2      | Reached XP level 4. HP: 8/41 MP: 3/3
  1421 | D:3      | Noticed a phantom
  1426 | D:3      | Reached skill level 5 in Polearms
  1835 | D:3      | Killed a phantom
  1836 | D:3      | Reached XP level 5. HP: 35/47 MP: 4/4
  1948 | D:3      | Found a faded altar of an unknown god.
  1968 | D:3      | Found a runed translucent gate.
  1969 | D:3      | Found a runed translucent gate.
  1970 | D:3      | Found a runed translucent gate.
  1975 | D:3      | Noticed Shayle's ghost (amateur NaRe)
  2338 | D:4      | Noticed Eustachio
  2368 | D:4      | Killed Eustachio
  2369 | D:4      | Reached skill level 5 in Fighting
  2369 | D:4      | Reached XP level 6. HP: 39/56 MP: 5/5
  2861 | D:4      | Reached XP level 7. HP: 51/61 MP: 6/6
  2898 | D:4      | Found Vaibryet's Magic Scroll Boutique.
  2937 | D:4      | Reached skill level 1 in Armour
  2969 | D:4      | Bought a scroll of fear for 40 gold pieces
  2969 | D:4      | Bought a scroll of identify for 20 gold pieces
  2969 | D:4      | Bought a scroll of poison for 40 gold pieces
  2969 | D:4      | Bought a scroll of identify for 20 gold pieces
  2969 | D:4      | Bought a scroll of noise for 10 gold pieces
  3212 | D:4      | Noticed Duvessa
  3214 | D:4      | Noticed Dowan
  3238 | D:4      | Killed Duvessa
  3250 | D:4      | Killed Dowan
  3298 | D:5      | Entered Level 5 of the Dungeon
  3328 | D:5      | Found Yrrutom's Assorted Antiques.
  3356 | D:5      | Reached XP level 8. HP: 71/71 MP: 7/7
  3659 | D:5      | Found a blossoming altar of Fedhas.
  3804 | D:5      | Found a runed translucent door.
  3805 | D:5      | Noticed Crazy Yiuf
  3815 | D:5      | Killed Crazy Yiuf
  3967 | D:6      | Reached skill level 10 in Polearms
  4019 | D:6      | Reached skill level 5 in Dodging
  4043 | D:6      | Found a staircase to the Ecumenical Temple.
  4055 | Temple   | Entered the Ecumenical Temple
  4227 | Temple   | Became a worshipper of Uskayaw the Reveller
  4227 | Temple   | Reached * piety under Uskayaw
  4252 | D:6      | Reached ** piety under Uskayaw
  4511 | D:6      | Reached skill level 1 in Axes
  4592 | D:6      | Noticed Maggie
  4622 | D:6      | Killed Maggie
  4623 | D:6      | Reached XP level 9. HP: 38/79 MP: 0/8
  4823 | D:6      | Found an ornate altar of the Wu Jian Council.
  5134 | D:7      | Reached skill level 2 in Axes
  5228 | D:7      | Reached *** piety under Uskayaw
  5230 | D:7      | Reached **** piety under Uskayaw
  5457 | D:7      | Reached skill level 3 in Axes
  5457 | D:7      | Reached skill level 1 in Invocations
  5757 | D:8      | Reached skill level 4 in Axes
  5897 | D:8      | Reached skill level 5 in Armour
  5905 | D:8      | Noticed Maurice
  5922 | D:8      | Killed Maurice
  5923 | D:8      | Reached skill level 5 in Axes
  5995 | D:8      | Reached skill level 6 in Axes
  6243 | D:9      | Found a staircase to the Lair.
  6266 | D:9      | Reached ***** piety under Uskayaw
  6275 | D:9      | Reached skill level 7 in Axes
  6275 | D:9      | Reached XP level 10. HP: 80/90 MP: 9/11
  6278 | D:9      | Reached ****** piety under Uskayaw
  6285 | D:9      | Reached skill level 1 in Evocations
  6690 | D:9      | Reached skill level 8 in Axes
  7030 | D:9      | Reached skill level 9 in Axes
  7162 | D:9      | Gained mutation: You are partially covered in large bone
                  | plates. (SH +4) [potion of mutation]
  7162 | D:9      | Gained mutation: You are covered in fur. (AC +1) [potion of
                  | mutation]
  7192 | D:10     | Entered Level 10 of the Dungeon
  7298 | D:10     | Reached skill level 5 in Stealth
  7488 | D:10     | Reached XP level 11. HP: 87/97 MP: 13/13
  8172 | D:10     | Found a runed translucent gate.
  8173 | D:10     | Found a runed translucent gate.
  8174 | D:10     | Found a runed translucent gate.
  8176 | D:10     | Identified the +4 plate armour of Qazlal's Anger {Rampage
                  | +Blink rPois}
  8177 | D:10     | Noticed olddryhag's ghost (novice DsGl)
  8206 | D:10     | Found a snail-covered altar of Cheibriados.
  8206 | D:10     | Found a sparkling altar of Nemelex Xobeh.
  8214 | D:10     | Found a bloodstained altar of Trog.
  8331 | D:10     | HP: 7/145 [olddryhag's ghost (9)]
  8345 | D:10     | Killed olddryhag's ghost
  8392 | D:10     | Reached skill level 10 in Axes
  8424 | D:10     | Identified the +0 helmet of Decompression {rN+ rCorr Str-2}
  8506 | D:11     | Learned a level 3 spell: Confusing Touch
  8558 | D:11     | Found a staircase to the Orcish Mines.
  8573 | D:11     | Reached skill level 1 in Shields
  8638 | D:11     | Reached skill level 5 in Invocations
  8773 | D:11     | Noticed a brown ugly thing
  8800 | D:11     | Killed a brown ugly thing
  9034 | D:11     | Noticed a two-headed ogre
  9084 | D:11     | Killed a two-headed ogre
  9136 | D:11     | Reached skill level 10 in Fighting
  9159 | D:11     | Noticed a tengu warrior
  9159 | D:11     | Noticed a wizard
  9175 | D:11     | Killed a tengu warrior
  9183 | D:11     | Killed a wizard
  9184 | D:11     | Reached skill level 11 in Axes
  9276 | D:11     | Reached XP level 12. HP: 85/106 MP: 6/16
  9496 | D:11     | Found an ancient bone altar of Kikubaaqudgha.
  9657 | D:12     | Got the Compilation of Attacks and the Pyre
 10522 | D:13     | Noticed a four-headed hydra
 10627 | D:13     | Noticed a centaur warrior
 10658 | D:13     | Killed a centaur warrior
 10659 | D:13     | Reached skill level 12 in Axes
 10795 | D:13     | Noticed a vault guard
 10795 | D:13     | Noticed a vault guard
 10820 | D:13     | Noticed an ogre mage
 10866 | D:13     | Killed an ogre mage
 10906 | D:13     | Killed a vault guard
 10969 | D:13     | Killed a vault guard
 12548 | D:13     | Reached XP level 13. HP: 77/112 MP: 18/18
 14826 | D:13     | Found a gate to the Vaults.
 14936 | D:13     | Reached skill level 13 in Axes
 15213 | D:14     | HP: 1/119 [nine-headed hydra (6)]
 15213 | D:14     | Slain by a nine-headed hydra

Illustrated notes

Levels and vault maps discovered:
D:1:      lightli_arrival_maybe_door_vault, layout_basic, minmay_crystal_water,
          hangedman_decor_opposing, glass_columns_c,
          corexii_item_surrounded_by_moat, corexii_item_surrounded_by_moat
D:2:      layout_rooms, kennysheep_nondescript
D:3:      layout_rooms, gammafunk_ghost_split, basic_ecumenical_altar,
          minivault_23
D:4:      layout_loops_ring, serial_shops, nicolae_shop_advertising_works
          [nicolae_subvault_shop_adworks], uniq_duvessa, uniq_eustachio
D:5:      layout_gridville, mainiacjoe_overflow_tiny_flanked, serial_shops,
          shop, uniq_crazy_yiuf_cottage
D:6:      layout_basic, lemuel_tele_altar, minmay_temple_entry_overgrown,
          uniq_maggie
D:7:      statuecave_lemuel, layout_rooms
D:8:      layout_rooms, uniq_maurice
D:9:      cheibrodos_barr_body, layout_cave_pools, erik_lair_orcish_takeover,
          serial_column_ruins, column_ruins_hut, column_ruins_hut_pillars,
          column_ruins_columns_straight, column_ruins_open_medium_water,
          column_ruins_grid_3, column_ruins_columns_straight,
          column_ruins_grid_4, kennysheep_decorative_pillar,
          hangedman_abyss_or_decor_stagger
D:10:     layout_loops_corners, minitemple, biasface_ghost_orc_armoury
D:11:     kennysheep_windowed_halls, layout_gridville,
          minmay_orc_entry_guard_dogs, nicolae_kikubaaqudgha_miasma_corner
D:12:     layout_loops_corners, chequers_serial_rivers_micro_c,
          chequers_serial_rivers_micro_b, minivault_16
D:13:     layout_loops_ring, grunt_vaults_entry_fortified, minmay_rotating_lava
D:14:     layout_loops_corners, serial_shops, shop, minmay_alternating_orb,
          uniq_rupert, uniq_azrael
Temple:   nicolae_temple_bog_church

Skill      XL: |  1  2  3  4  5  6  7  8  9 10 11 12 13 |
---------------+----------------------------------------+-----
Polearms       | 4 5 6 7 9 10 11 | 11.0
Fighting       | 4 5 6 7 8 9 10 11 12 | 12.4
Dodging        | 4 5 6 7 |  7.9
Stealth        | 2 3 5 6 7 8 |  8.4
Armour         | 2 4 5 6 7 |  7.9
Axes           | 1 7 9 11 12 13 | 13.1
Invocations    | 2 4 6 8 9 |  9.1
Evocations     | 1 |  1.2
Shields        | 2 3 |  3.2

Action                   |  1- 3 |  4- 6 |  7- 9 | 10-12 | 13-15 || total
-------------------------+-------+-------+-------+-------+-------++-------
Melee: Spear             |    89 |   209 |   207 |   272 |   650 ||  1427
       Headbutt          |     6 |    25 |    66 |   181 |    41 ||   319
       Punch             |     1 |       |     3 |    13 |     3 ||    20
       Hand axe          |       |       |   145 |   781 |    59 ||   985
       War axe           |       |       |     6 |       |       ||     6
Throw: Dart              |     1 |       |       |     1 |       ||     2
Invok: Stomp             |       |       |     4 |     7 |       ||    11
       Line Pass         |       |       |     1 |       |       ||     1
       Grand Finale      |       |       |       |     3 |       ||     3
Evoke: Wand              |       |       |     2 |    11 |     8 ||    21
  Use: Scroll            |       |       |     9 |     3 |       ||    12
       Potion            |       |       |       |    12 |     2 ||    14
 Stab: Sleeping          |     3 |     3 |     1 |     9 |       ||    16
       Paralysed         |       |       |     8 |   118 |    18 ||   144
       Invisible         |       |       |       |    13 |       ||    13
       Distracted        |       |       |       |       |     3 ||     3
Armor: Robe              |     7 |    13 |       |       |       ||    20
       Ring mail         |       |    26 |    73 |   204 |    46 ||   349
       Skin              |       |       |       |    20 |       ||    20
Dodge: Dodged            |    43 |    90 |   196 |   540 |   148 ||  1017
Block: Other             |       |       |       |    95 |    27 ||   122
       Orb               |       |       |       |       |     5 ||     5

Table legend: (Time is in decaauts)
 A = Elapsed time spent in this place.
 B = Non-inter-level travel time spent in this place.
 C = Inter-level travel time spent in this place.
 D = Time resting spent in this place.
 E = Time spent auto-exploring this place.
 F = Levels seen in this place.
 G = Mean time per level.
                   A        B        C        D        E       F      G
               +--------+--------+--------+--------+--------+-----+--------+
         Total |  14376 |  13543 |    833 |   2333 |   7756 |  15 |  958.4 |
       Dungeon |  14171 |  13366 |    805 |   2333 |   7618 |  14 | 1012.2 |
        Temple |    205 |    177 |     28 |      0 |    138 |   1 |  205.0 |
               +--------+--------+--------+--------+--------+-----+--------+

Top non-repeatable levels by time:
    D:13: 3975 daAuts
    D:10: 1210 daAuts
     D:4: 1163 daAuts
    D:11: 1131 daAuts
     D:9: 946 daAuts
    D:12: 945 daAuts
     D:2: 809 daAuts
     D:6: 773 daAuts
     D:3: 696 daAuts
     D:1: 667 daAuts
     D:5: 648 daAuts
     D:7: 642 daAuts
     D:8: 476 daAuts
  Temple: 205 daAuts
    D:14: 86 daAuts
